 Dungeon Crawl Stone Soup version 0.30-a0-652-gcc886f7154 (webtiles) character file.

Game seed: 11129768375172236163

101531 Newt the Markskobold (level 16, -5/104 HPs)
             Began as a Kobold Hunter on Jan 17, 2023.
             Was the Champion of Jiyva.
             Slain by a fenstrider witch
             ... wielding a +3 falchion
              (21 damage)
             ... while paralysed by a fenstrider witch
             ... on level 3 of the Swamp.
             The game lasted 00:27:51 (21415 turns).

Newt the Markskobold (Kobold Hunter)               Turns: 21415, Time: 00:27:52

Health: -5/104     AC:  5    Str:  4    XL:     16   Next: 83%
Magic:  29/29      EV:  3    Int: 15    God:    Jiyva [******]
Gold:   1035       SH:  0    Dex: 41    Spells: 31/33 levels left

rFire   x . .      SeeInvis .    a - +0 shortbow (heavy)
rCold   . . .      Faith    +    (shield currently unavailable)
rNeg    . . .      Spirit   .    G - +0 troll leather armour
rPois   +          Reflect  .    (helmet restricted)
rElec   +          Harm     .    m - +1 cloak
rCorr   +          Rampage  .    (no gloves)
Will    +....                    (no boots)
Stlth   ++++++                   u - amulet of Saxzo {Faith rElec rF- Str-2 Dex+8}
HPRegen 2.77/turn                Q - ring of Uwaegy Cuku {rElec rPois rCorr Int+6 Dex-4}
MPRegen 0.71/turn                p - ring of Sunoseg {rElec EV+5 Dex+3}

@: paralysed
A: small, no large weapons, nightstalker 3, horns 2, agile 2, wild magic 3,
acidic bite, eyeballs 1, pseudopods 1, tendrils, jelly absorbing missiles
a: Renounce Religion, Oozemancy, Slimify


You were on level 3 of the Swamp.
You worshipped Jiyva.
Jiyva was exalted by your worship.
You visited 4 branches of the dungeon, and saw 22 of its levels.
You also visited: Sewer and Ice Cave.

You collected 1507 gold pieces.
You spent 472 gold pieces at shops.

Inventory:

Hand Weapons
 a - a +0 heavy shortbow (weapon)
 D - a +0 shortbow of draining
Missiles
 j - 4 throwing nets
Armour
 c - a +0 leather armour
 m - a +1 cloak (worn)
 G - a +0 troll leather armour (worn)
 M - a +0 robe of resistance
 N - a +1 crystal plate armour of cold resistance
 S - a scarf of invisibility
 T - the +1 scale mail of Alujub {rPois rCorr}
   (You found it on level 1 of the Swamp)

   rPois:     It protects you from poison.
   rCorr:     It protects you from acid and corrosion.
 X - +0 swamp dragon scales
Jewellery
 k - an amulet of the acrobat
 p - the ring of Sunoseg (right hand) {rElec EV+5 Dex+3}
   (You took it off a centaur warrior on level 9 of the Dungeon)

   [ring of evasion]

   EV:        It affects your evasion (+5).
   Dex:       It affects your dexterity (+3).
   rElec:     It insulates you from electricity.
 u - the amulet of Saxzo (around neck) {Faith rElec rF- Str-2 Dex+8}
   (You found it on level 6 of the Dungeon)

   [amulet of faith]

   It allows you to gain divine favour quickly.
   Str:       It affects your strength (-2).
   Dex:       It affects your dexterity (+8).
   rF:        It makes you vulnerable to fire.
   rElec:     It insulates you from electricity.
 v - a ring of willpower
 w - a +6 ring of dexterity
 z - the ring "Fecar" {Fly rCorr}
   (You found it on level 9 of the Dungeon)

   [ring of flight]

   Fly:       It grants you flight.
   rCorr:     It protects you from acid and corrosion.
 C - a ring of protection from cold
 J - a ring of ice
 K - a ring of protection from cold
 Q - the ring of Uwaegy Cuku (left hand) {rElec rPois rCorr Int+6 Dex-4}
   (You found it on level 5 of the Lair of Beasts)

   [ring of intelligence]

   Int:       It affects your intelligence (+6).
   Dex:       It affects your dexterity (-4).
   rElec:     It insulates you from electricity.
   rPois:     It protects you from poison.
   rCorr:     It protects you from acid and corrosion.
 Y - a +6 ring of strength
Wands
 e - a wand of flame (23)
 y - a wand of charming (14)
 B - a wand of polymorph (10)
 E - a wand of mindburst (10)
 O - a wand of iceblast (19)
Scrolls
 b - 4 scrolls of immolation
 l - 3 scrolls of brand weapon
 o - 7 scrolls of teleportation
 q - a scroll of enchant weapon
 s - 2 scrolls of enchant armour
 t - a scroll of magic mapping
 A - 2 scrolls of fear
 L - a scroll of torment
 P - 2 scrolls of amnesia
 U - a scroll of fog
 V - a scroll of identify
Potions
 d - 4 potions of degeneration
 f - a potion of magic
 g - 3 potions of attraction
 h - 8 potions of curing
 i - 3 potions of lignification
 n - 5 potions of might
 r - 3 potions of cancellation
 x - 2 potions of berserk rage
 F - 4 potions of brilliance {unknown}
 H - a potion of ambrosia
 I - 2 potions of mutation
 W - a potion of heal wounds


   Skills:
 - Level 13.5 Fighting
 - Level 19.0 Ranged Weapons
 - Level 8.0 Armour
 + Level 13.0 Dodging
 - Level 9.0 Stealth
 - Level 9.0 Spellcasting
 - Level 9.0 Transmutations
 - Level 10.3 Evocations


You had 31 spell levels left.
You knew the following spells:

 Your Spells              Type           Power      Damage    Failure   Level
a - Wereblood             Tmut           59%        N/A       5%          2

Your spell library contained the following spells:

 Spells                   Type           Power      Damage    Failure   Level
 Beastly Appendage        Tmut           100%       N/A       4%          1
 Passwall                 Tmut/Erth      31%        N/A       16%         2
 Spider Form              Tmut/Pois      38%        N/A       26%         3
 Blade Hands              Tmut           29%        N/A       32%         5
 Freeze                   Ice            48%        1d6       41%         1
 Kiss of Death            Conj/Necr      48%        2d9       41%         1
 Necrotise                Necr           48%        1d6       41%         1
 Cigotuvi's Dreadful Rot  Necr/Pois/Air  24%        N/A       52%         2
 Poisonous Vapours        Pois/Air       24%        N/A       52%         2
 Confusing Touch          Hex            12%        N/A       71%         3
 Hailstorm                Conj/Ice       12%        3d5       71%         3
 Mephitic Cloud           Conj/Pois/Air  12%        N/A       71%         3
 Ozocubu's Armour         Ice            12%        N/A       71%         3
 Stone Arrow              Conj/Erth      24%        3d8       71%         3
 Vampiric Draining        Necr           12%        2d6       71%         3
 Animate Armour           Summ/Erth      24%        N/A       96%         4
 Animate Dead             Necr           12%        N/A       96%         4
 Cause Fear               Hex            6%         N/A       96%         4
 Dispel Undead            Necr           12%        3d9       96%         4
 Summon Ice Beast         Ice/Summ       12%        N/A       96%         4
 Dragon Form              Tmut           29%        N/A       99%         7
 Agony                    Necr           12%        N/A       100%        5
 Metabolic Englaciation   Hex/Ice        6%         N/A       100%        5
 Eringya's Noxious Bog    Tmut/Pois      19%        N/A       100%        6
 Iron Shot                Conj/Erth      6%         9d2       100%        6
 Simulacrum               Ice/Necr       6%         N/A       100%        6
 Statue Form              Tmut/Erth      25%        N/A       100%        6
 Haunt                    Necr/Summ      6%         N/A       100%        7
 Infestation              Necr           6%         N/A       100%        8
 Lehudib's Crystal Spear  Conj/Erth      6%         10d3      100%        8
 Dragon's Call            Summ           6%         N/A       100%        9


Dungeon Overview and Level Annotations

Branches:
Dungeon (12/15)            Temple (0/1) D:6            Lair (5/5) D:11
  Swamp (2/4) Lair:3        Snake (0/4) Lair:3        Slime (0/5) Lair:4
    Orc (2/2) D:12            Elf (0/3) Orc:2         Sewer (visited)
  IceCv (visited)

Altars:
Ashenzari
Dithmenos
Hepliaklqana
Nemelex Xobeh
Zin
The Shining One
Jiyva

Shops:
D:1 [   D:4 (   D:9 (   Orc:2 *(:[*

Portals:
Trove: D:11 (give 8 potions of haste)

Annotations:
D:3 1 runed translucent door, olddryhag's ghost, amateur DsGl
Swamp:2 2 transporters, mandoloar's ghost, adept MiFi


Innate Abilities, Weirdness & Mutations

You are small and have problems with some larger weapons.
You are completely attuned to the shadows.
You have a pair of horns on your head.
You are very agile. (Dex +8, Str/Int -2)
Your spells are much harder to cast, but much more powerful.
You have acidic saliva.
Your body has grown eyes which may confuse attackers. (Acc +3)
Armour fits poorly on your pseudopods.
You are covered in slimy tendrils that may disarm your opponents.
You have a small jelly attached to you that may absorb projectiles.


Message History

Unknown command.
Unknown command.
Unknown command.
You feel better.
You fester in the toxic bog!
You partially resist.
You are poisoned.
You feel sick. The swamp dragon completely misses you.
The swamp dragon closely misses you. The swamp dragon tramples you.
* * * LOW HITPOINT WARNING * * *
You stumble backwards!
Splash!
The fenstrider witch casts a spell at you.
You barely resist.
Okay, then.
Blink to where?
Press: ? - help, Dir - move target, p - fenstrider witch Splash!
Found a dagger.
As you read the scroll of blinking, it crumbles to dust.
You feel sick.
Blink to where?
Press: ? - help, Dir - move target
As you read the scroll of blinking, it crumbles to dust.
You feel sick.
You feel sick.
You feel sick.
You feel sick.
You are no longer poisoned.
Fire: a) +0 shortbow (heavy)
Press: ? - help, Q - select action, (/) - cycle Shift-Dir - straight line, f - fenstrider witch
Aim: a fenstrider witch, wielding a +3 falchion and wearing a +0 robe (71% to hit)
You shoot an arrow. The arrow hits the fenstrider witch!
The fenstrider witch is moderately wounded.
The fenstrider witch casts a spell at you.
You suddenly lose the ability to move!
The fenstrider witch hits you with a +3 falchion!
The fenstrider witch barely misses you.
The fenstrider witch hits you with a +3 falchion!!
* * * LOW HITPOINT WARNING * * *
The fenstrider witch kicks you!!
You die...

♣♣♣..♣.♣♣♣
♣♣..~..~..♣♣
♣.~..†.~~.~♣
.......♣~.~♣ ♣♣.
........~..~♣
♣..#+####.#..~§..♣
♣..#...#..#.....♣♣
♣..#...#.[#.....♣.
♣..@#.##..#...~...
♣.H#.÷.#.##..~~..~
♣..#......#.......
♣..#...#..#..~~.♣.
♣†.#######...~~.♣
♣♣).........~..♣♣
♣♣.~.........~♣♣♣
♣~.~.~~...~.~.♣♣♣
♣.~~~~~~.~~~~.).♣♣


You could see a fenstrider witch.

Vanquished Creatures
  Frances (Swamp:1)
  A thorn hunter (Swamp:1)
  An orc warlord (Orc:2)
  A reaper (IceCv)
  2 eleionomae (Swamp:1)
  The ghost of Buhan the Cleaver, a journeyman AtFi of Qazlal (Lair:1)
  A fire dragon (Lair:5)
  A shambling mangrove (Swamp:1)
  3 ghost crabs
  7 hydras
  4 boulder beetles
  A catoblepas (Lair:2)
  3 two-headed ogres
  6 death yaks (Lair:5)
  An orc high priest (Orc:2)
  5 alligators
  2 centaur warriors (D:9)
  Nergalle (Orc:1)
  2 goliath frogs (Swamp:2)
  4 bog bodies
  2 swamp dragons
  2 lindwurms
  5 orc knights
  A cyclops (D:12)
  A manticore (D:12)
  2 orc sorcerers (Orc:2)
  An ugly thing (D:9)
  5 will-o-the-wisps
  Maurice (D:10)
  4 elephants (Lair:5)
  An ice statue (IceCv)
  A torpor snail (Lair:1)
  5 black mambas
  2 gargoyles
  2 molten gargoyles (Lair:5)
  10 cane toads
  A rime drake (Lair:2)
  2 anaconda simulacra (IceCv)
  8 komodo dragons
  A kobold demonologist (D:11)
  A tengu conjurer (D:9)
  8 trolls
  4 tyrant leeches
  5 polar bears
  3 hornets
  Grinder (D:3)
  15 blink frogs
  A spriggan (Swamp:1)
  34 yaks
  A shadow (D:12)
  9 wyverns
  3 dire elephant simulacra (IceCv)
  A vampire (D:11)
  A wraith (D:11)
  4 steam dragons
  4 basilisks
  Grum (D:10)
  7 vampire mosquitoes
  4 death yak simulacra
  A harpy simulacrum (IceCv)
  3 wargs
  3 nagas (Lair:3)
  A two-headed ogre zombie (D:12)
  7 swamp worms
  13 water moccasins
  An acid dragon (D:11)
  3 hell hounds (Lair:5)
  A swamp drake (Swamp:2)
  27 orc warriors
  2 ice beasts
  A sky beast (D:7)
  4 ogres
  14 wolves
  4 centaurs
  A phantom (D:12)
  A kobold brigand (D:9)
  11 bullfrogs
  Blork the orc (Orc:2)
  4 necrophages
  2 cane toad simulacra
  6 two-headed ogre simulacra (IceCv)
  A gnoll sergeant (D:12)
  2 scorpions
  10 wights
  4 killer bees
  A troll zombie (D:12)
  3 elephant simulacra (IceCv)
  6 howler monkeys
  A gnoll bouda (D:10)
  4 lava snakes (Lair:5)
  3 jellies (Sewer)
  24 orc priests
  2 hounds (D:5)
  Crazy Yiuf (D:2)
  3 iguanas (D:4)
  18 orc wizards
  Terence (D:2)
  6 hell rats (Lair:5)
  A polar bear simulacrum (Lair:4)
  5 troll simulacra (IceCv)
  3 wolf simulacra
  5 spriggan simulacra (IceCv)
  5 ogre zombies (D:12)
  Robin (D:2)
  14 gnolls
  5 adders
  4 naga simulacra (IceCv)
  8 white imps (IceCv)
  An ufetubus (IceCv)
  4 worms
  6 dart slugs
  76 orcs
  12 ball pythons
  5 bats
  7 endoplasms
  6 giant cockroaches
  6 hobgoblins
  7 jackals
  8 quokkas
  5 frilled lizards
  18 goblins
  2 goblin zombies (D:12)
  A hobgoblin skeleton (D:12)
  A hobgoblin zombie (D:12)
  11 kobolds
  An orc skeleton (D:12)
  12 orc zombies (D:12)
  6 rats
  A bush (D:2)
660 creatures vanquished.

Vanquished Creatures (collateral kills)
  Nikola (Swamp:1)
  Jorgrun (Orc:1)
  Roxanne (Swamp:1)
  2 bunyips (Swamp:1)
  2 centaur warriors (D:9)
  A death yak (Lair:1)
  An alligator (Swamp:1)
  A spriggan (Swamp:1)
  A hornet (Swamp:1)
  A troll (Orc:1)
  2 orc warriors (Orc:2)
  A boggart (D:9)
  An orc priest (Orc:2)
  An orc (Orc:2)
  A kobold (D:11)
18 creatures vanquished.

Vanquished Creatures (others)
  A goliath frog (Swamp:1)
  A will-o-the-wisp (Swamp:3)
  A moth of wrath (Swamp:2)
  A bloated husk (Swamp:1)
  A spriggan (Swamp:3)
  2 wyverns
  A hell hound (Lair:5)
  A sky beast (D:6)
  A black bear (Lair:2)
  A centaur (D:7)
  A phantom (D:6)
  A kobold brigand (D:6)
  3 bullfrogs
  A gnoll sergeant (D:7)
  4 scorpions
  74 jellies
  2 howler monkeys (D:11)
  2 orc priests (Orc:2)
  4 iguanas
  5 orc wizards
  An ogre zombie (D:12)
  2 gnolls
  An adder (D:6)
  13 orcs
  A goblin skeleton (D:12)
  A goblin zombie (D:12)
  2 hobgoblin zombies (D:12)
  A kobold (D:4)
  2 orc skeletons (D:12)
  2 orc zombies (D:12)
  2 bushes
  9 foxfires
  65 fungi
  103 plants
313 creatures vanquished.

Grand Total: 991 creatures vanquished

Notes
Turn   | Place    | Note
-------+----------+-------------------------------------------
     0 | D:1      | Newt the Kobold Hunter began the quest for the Orb.
     0 | D:1      | Reached XP level 1. HP: 12/12 MP: 1/1
    29 | D:1      | Reached XP level 2. HP: 17/17 MP: 2/2
   244 | D:1      | Reached XP level 3. HP: 23/23 MP: 3/3
   249 | D:1      | Found Ynwudd's Armour Emporium.
   748 | D:2      | Noticed Terence
   774 | D:2      | Killed Terence
   775 | D:2      | Reached XP level 4. HP: 22/29 MP: 4/4
  1238 | D:2      | Noticed Robin
  1246 | D:2      | Reached skill level 6 in Ranged Weapons
  1268 | D:2      | Reached XP level 5. HP: 11/33 MP: 5/5
  1274 | D:2      | Killed Robin
  1908 | D:2      | Found a runed translucent door.
  1911 | D:2      | Noticed Crazy Yiuf
  1917 | D:2      | Killed Crazy Yiuf
  1989 | D:3      | Reached skill level 7 in Ranged Weapons
  2344 | D:3      | Noticed Grinder
  2373 | D:3      | Killed Grinder
  2374 | D:3      | Reached skill level 8 in Ranged Weapons
  2374 | D:3      | Reached XP level 6. HP: 4/38 MP: 6/6
  2710 | D:3      | Found a runed translucent door.
  2715 | D:3      | Noticed olddryhag's ghost (amateur DsGl)
  2731 | D:3      | Reached XP level 7. HP: 43/43 MP: 7/7
  2935 | D:3      | Found a shadowy altar of Dithmenos.
  3562 | D:4      | Reached skill level 5 in Dodging
  3629 | D:4      | Found a glowing drain.
  3636 | Sewer    | Entered a sewer
  3688 | Sewer    | Reached skill level 1 in Evocations
  3826 | Sewer    | Found a viscous altar of Jiyva.
  3849 | Sewer    | Became a worshipper of Jiyva Juediz the Shapeless
  3948 | D:4      | Found Fuqer's Weapon Emporium.
  4170 | D:4      | Reached * piety under Jiyva
  4207 | D:4      | Identified the +3 whip of the Endless March {holy, rN+}
  4313 | D:5      | Entered Level 5 of the Dungeon
  4372 | D:5      | Gained mutation: You have hidden genetic potential. [potion
                  | of mutation]
  4372 | D:5      | Gained mutation: Your spells are a little easier to cast,
                  | but a little less powerful. [potion of mutation]
  4395 | D:5      | Reached skill level 5 in Fighting
  4395 | D:5      | Reached XP level 8. HP: 48/50 MP: 8/8
  4819 | D:5      | Found a glowing silver altar of Zin.
  5089 | D:6      | Reached ** piety under Jiyva
  5110 | D:6      | HP: 1/51 [ice beast (13)]
  5115 | D:6      | Gained mutation: You passively map a small area around you.
                  | [hidden potential]
  5494 | D:6      | Found a broken altar of Ashenzari.
  5550 | D:6      | Found a staircase to the Ecumenical Temple.
  5633 | D:6      | Identified the amulet of Saxzo {Faith rElec rF- Str-2
                  | Dex+8}
  5791 | D:6      | Reached *** piety under Jiyva
  6039 | D:7      | Reached XP level 9. HP: 47/55 MP: 9/9
  6063 | D:7      | Reached skill level 9 in Ranged Weapons
  6078 | D:7      | Noticed a two-headed ogre
  6134 | D:6      | Killed a two-headed ogre
  6135 | D:6      | Reached skill level 11 in Ranged Weapons
  6141 | D:6      | Gained mutation: Your natural rate of healing is unusually
                  | fast. [hidden potential]
  6141 | D:6      | Lost mutation: You have hidden genetic potential. [hidden
                  | potential expressed]
  6179 | D:7      | Lost mutation: Your spells are a little easier to cast, but
                  | a little less powerful. [potion of mutation]
  6179 | D:7      | Lost mutation: Your natural rate of healing is unusually
                  | fast. [potion of mutation]
  6179 | D:7      | Lost mutation: You passively map a small area around you.
                  | [potion of mutation]
  6179 | D:7      | Gained mutation: Your magical capacity is low. (-10% MP)
                  | [potion of mutation]
  6179 | D:7      | Gained mutation: Your body sometimes deteriorates upon
                  | taking damage. [potion of mutation]
  6180 | D:7      | Lost mutation: Your magical capacity is low. (-10% MP)
                  | [potion of mutation]
  6180 | D:7      | Lost mutation: Your body sometimes deteriorates upon taking
                  | damage. [potion of mutation]
  6180 | D:7      | Gained mutation: You are weak. (Str -2) [potion of
                  | mutation]
  6180 | D:7      | Lost mutation: You are weak. (Str -2) [potion of mutation]
  6180 | D:7      | Gained mutation: You passively map a small area around you.
                  | [potion of mutation]
  6242 | D:7      | Gained mutation: Your flesh is heat resistant. (rF+)
                  | [Jiyva's grace]
  6242 | D:7      | Gained mutation: Your flesh is very heat resistant. (rF++)
                  | [Jiyva's grace]
  6242 | D:7      | Gained mutation: Your flesh is almost immune to the effects
                  | of heat. (rF+++) [Jiyva's grace]
  6242 | D:7      | Gained mutation: You have a small jelly attached to you
                  | that senses nearby items. [Jiyva's grace]
  6278 | D:7      | Found a sparkling altar of Nemelex Xobeh.
  6386 | D:7      | Reached skill level 12 in Ranged Weapons
  6440 | D:7      | Reached skill level 1 in Armour
  6786 | D:7      | Reached **** piety under Jiyva
  7073 | D:7      | Noticed a troll
  7080 | D:7      | Killed a troll
  7080 | D:7      | Noticed a troll
  7081 | D:7      | Reached XP level 10. HP: 60/60 MP: 10/10
  7264 | D:8      | Reached skill level 5 in Armour
  7871 | D:8      | Found a glowing golden altar of the Shining One.
  8346 | D:9      | Reached skill level 5 in Evocations
  8413 | D:9      | Lost mutation: You passively map a small area around you.
                  | [Jiyva's grace]
  8413 | D:9      | Gained mutation: Your body has grown eyes which may confuse
                  | attackers. (Acc +3) [Jiyva's grace]
  8413 | D:9      | Gained mutation: Your body has grown many eyes which may
                  | confuse attackers. (Acc +5) [Jiyva's grace]
  8413 | D:9      | Gained mutation: Your body is covered in eyes which may
                  | confuse attackers. (Acc +7, SInv) [Jiyva's grace]
  8413 | D:9      | Gained mutation: Your muscles are strong. (Str +4, Int/Dex
                  | -1) [Jiyva's grace]
  8515 | D:9      | Reached XP level 11. HP: 68/68 MP: 11/11
  8519 | D:9      | Reached ***** piety under Jiyva
  8652 | D:9      | Noticed a seven-headed hydra
  8655 | D:9      | Identified the ring of Sunoseg {rElec EV+5 Dex+3}
  8655 | D:9      | Noticed a centaur warrior
  8659 | D:9      | Killed a seven-headed hydra
  8660 | D:9      | Reached skill level 13 in Ranged Weapons
  8753 | D:9      | Noticed a centaur warrior
  8766 | D:9      | Identified the +6 morningstar of the Vanishing Emperors
                  | {freeze, Str+3}
  8770 | D:9      | Noticed a centaur warrior
  8772 | D:9      | Noticed a centaur warrior
  8773 | D:9      | Noticed a brown ugly thing
  8778 | D:9      | HP: 3/68 [centaur warrior/staff of air (11)]
  8780 | D:9      | Killed a centaur warrior
  8781 | D:9      | Reached skill level 14 in Ranged Weapons
  8782 | D:9      | Was placed under penance by Jiyva
  8786 | D:9      | Killed a centaur warrior
  8787 | D:9      | Reached skill level 15 in Ranged Weapons
  8788 | D:9      | Killed a centaur warrior
  8973 | D:9      | Lost mutation: You have a small jelly attached to you that
                  | senses nearby items. [the all-consuming vengeance of Jiyva]
  8976 | D:9      | Gained mutation: Potions are less effective at restoring
                  | your health. [mutagenic glow]
  9068 | D:9      | Killed a centaur warrior
  9075 | D:9      | Killed a brown ugly thing
  9076 | D:9      | Reached skill level 16 in Ranged Weapons
  9258 | D:9      | Found Xoumur's Weapon Shop.
  9326 | D:9      | Found a runed translucent door.
  9333 | D:9      | Identified the ring "Fecar" {Fly rCorr}
  9335 | D:9      | Noticed a boulder beetle
  9365 | D:9      | Lost mutation: Your body is covered in eyes which may
                  | confuse attackers. (Acc +7, SInv) [the all-consuming
                  | vengeance of Jiyva]
  9378 | D:9      | Killed a boulder beetle
  9436 | D:10     | Entered Level 10 of the Dungeon
  9482 | D:10     | Gained mutation: You sometimes lose your temper in combat.
                  | [the all-consuming vengeance of Jiyva]
  9482 | D:10     | Gained mutation: Armour fits poorly on your strangely
                  | shaped body. [the all-consuming vengeance of Jiyva]
  9534 | D:10     | Reached skill level 10 in Dodging
  9534 | D:10     | Reached XP level 12. HP: 50/73 MP: 12/12
  9672 | D:10     | Noticed Maurice
  9678 | D:10     | Killed Maurice
  9725 | D:10     | Was forgiven by Jiyva
 10034 | D:10     | Noticed Grum
 10038 | D:10     | Killed Grum
 10136 | D:10     | Found a hazy altar of Hepliaklqana.
 10314 | D:11     | Noticed a boulder beetle
 10321 | D:11     | Killed a boulder beetle
 10556 | D:11     | Noticed a sun demon
 10756 | D:11     | Found a staircase to the Lair.
 10910 | D:11     | Found a portal to a secret trove of treasure.
 10973 | Lair:1   | Entered Level 1 of the Lair of Beasts
 11136 | Lair:1   | Noticed a boulder beetle
 11141 | Lair:1   | Killed a boulder beetle
 11446 | Lair:1   | Reached XP level 13. HP: 80/80 MP: 13/13
 11536 | Lair:1   | Lost mutation: Armour fits poorly on your strangely shaped
                  | body. [Jiyva's grace]
 11536 | Lair:1   | Lost mutation: Your flesh is almost immune to the effects
                  | of heat. (rF+++) [Jiyva's grace]
 11536 | Lair:1   | Lost mutation: Your muscles are strong. (Str +4, Int/Dex
                  | -1) [Jiyva's grace]
 11536 | Lair:1   | Gained mutation: Your rubbery body absorbs attacks. (AC +1,
                  | EV +1) [Jiyva's grace]
 11536 | Lair:1   | Gained mutation: Your pliable body absorbs attacks. (AC +2,
                  | EV +2) [Jiyva's grace]
 11536 | Lair:1   | Gained mutation: Your gelatinous body deflects attacks. (AC
                  | +3, EV +3) [Jiyva's grace]
 11536 | Lair:1   | Gained mutation: You expend magic power (3 MP) to
                  | strengthen your wands. [Jiyva's grace]
 11545 | Lair:1   | Found a transporter.
 11547 | Lair:1   | Found a transporter.
 11862 | Lair:1   | Noticed Buhan's ghost (journeyman AtFi)
 11879 | Lair:1   | Reached skill level 10 in Fighting
 12102 | Lair:1   | Killed Buhan's ghost
 12291 | Lair:2   | Reached XP level 14. HP: 94/94 MP: 14/14
 12766 | Lair:2   | Lost mutation: You sometimes lose your temper in combat.
                  | [Jiyva's grace]
 12766 | Lair:2   | Lost mutation: Your gelatinous body deflects attacks. (AC
                  | +3, EV +3) [Jiyva's grace]
 12766 | Lair:2   | Lost mutation: Your pliable body absorbs attacks. (AC +2,
                  | EV +2) [Jiyva's grace]
 12766 | Lair:2   | Lost mutation: Potions are less effective at restoring your
                  | health. [Jiyva's grace]
 12766 | Lair:2   | Lost mutation: You expend magic power (3 MP) to strengthen
                  | your wands. [Jiyva's grace]
 12766 | Lair:2   | Gained mutation: You have acidic saliva. [Jiyva's grace]
 12766 | Lair:2   | Gained mutation: Your flesh is almost immune to the effects
                  | of heat. (rF+++) [Jiyva's grace]
 12766 | Lair:2   | Gained mutation: Your body is covered in eyes which may
                  | confuse attackers. (Acc +7, SInv) [Jiyva's grace]
 12766 | Lair:2   | Gained mutation: Your spells are a little harder to cast,
                  | but a little more powerful. [Jiyva's grace]
 12834 | Lair:2   | Reached ****** piety under Jiyva
 13243 | Lair:3   | Found a staircase to the Swamp.
 13473 | Lair:3   | Reached skill level 17 in Ranged Weapons
 13863 | Lair:3   | Found a staircase to the Snake Pit.
 14216 | Lair:4   | Found a viscous altar of Jiyva.
 14228 | Lair:4   | Found a staircase to the Slime Pits.
 14285 | Lair:4   | Lost mutation: Your flesh is almost immune to the effects
                  | of heat. (rF+++) [Jiyva's grace]
 14285 | Lair:4   | Lost mutation: Your flesh is very heat resistant. (rF++)
                  | [Jiyva's grace]
 14285 | Lair:4   | Lost mutation: You have acidic saliva. [Jiyva's grace]
 14285 | Lair:4   | Gained mutation: You have a small jelly attached to you
                  | that may absorb projectiles. [Jiyva's grace]
 14285 | Lair:4   | Gained mutation: You are covered in slimy tendrils that may
                  | disarm your opponents. [Jiyva's grace]
 14285 | Lair:4   | Gained mutation: You have acidic saliva. [Jiyva's grace]
 14285 | Lair:4   | Gained mutation: You are robust. (+10% HP) [Jiyva's grace]
 14424 | Lair:4   | Found a frozen archway.
 14439 | IceCv    | Entered an ice cave
 14809 | IceCv    | Reached skill level 18 in Ranged Weapons
 14902 | IceCv    | Noticed a reaper
 14911 | IceCv    | Killed a reaper
 14935 | IceCv    | Got Miut's Commentary on Cryomancy
 15568 | Lair:5   | Entered Level 5 of the Lair of Beasts
 15585 | Lair:5   | Reached skill level 19 in Ranged Weapons
 15585 | Lair:5   | Reached XP level 15. HP: 108/108 MP: 15/15
 15680 | Lair:5   | Reached skill level 5 in Stealth
 15869 | Lair:5   | Reached skill level 1 in Spellcasting
 16404 | Lair:5   | Reached skill level 5 in Spellcasting
 16634 | Lair:5   | Found a large runed translucent door.
 16649 | Lair:5   | Found a large runed translucent door.
 16935 | Lair:5   | Identified the ring of Uwaegy Cuku {rElec rPois rCorr Int+6
                  | Dex-4}
 17299 | D:12     | Lost mutation: Your rubbery body absorbs attacks. (AC +1,
                  | EV +1) [Jiyva's grace]
 17299 | D:12     | Lost mutation: You are covered in slimy tendrils that may
                  | disarm your opponents. [Jiyva's grace]
 17299 | D:12     | Gained mutation: You have a pair of small horns on your
                  | head. [Jiyva's grace]
 17299 | D:12     | Gained mutation: You have a pair of horns on your head.
                  | [Jiyva's grace]
 17299 | D:12     | Gained mutation: You have a pair of large horns on your
                  | head. [Jiyva's grace]
 17299 | D:12     | Gained mutation: You have sharp fingernails. [Jiyva's
                  | grace]
 17729 | D:12     | Found a staircase to the Orcish Mines.
 17747 | Orc:1    | Entered Level 1 of the Orcish Mines
 17886 | Orc:1    | Noticed Nergalle
 17900 | Orc:1    | Killed Nergalle
 18017 | Orc:1    | Noticed Jorgrun
 18031 | Orc:1    | Killed Jorgrun
 18058 | Orc:2    | Entered Level 2 of the Orcish Mines
 18063 | Orc:2    | Found Corasio's Assorted Antiques.
 18133 | Orc:2    | Found a staircase to the Elven Halls.
 18232 | Orc:2    | Lost mutation: You have sharp fingernails. [Jiyva's grace]
 18232 | Orc:2    | Lost mutation: Your body is covered in eyes which may
                  | confuse attackers. (Acc +7, SInv) [Jiyva's grace]
 18232 | Orc:2    | Lost mutation: Your body has grown many eyes which may
                  | confuse attackers. (Acc +5) [Jiyva's grace]
 18232 | Orc:2    | Gained mutation: You are agile. (Dex +4, Str/Int -1)
                  | [Jiyva's grace]
 18232 | Orc:2    | Gained mutation: You are very agile. (Dex +8, Str/Int -2)
                  | [Jiyva's grace]
 18232 | Orc:2    | Gained mutation: Armour fits poorly on your pseudopods.
                  | [Jiyva's grace]
 18232 | Orc:2    | Gained mutation: Armour fits poorly on your large
                  | pseudopods. [Jiyva's grace]
 18267 | Orc:2    | Noticed an orc warlord
 18278 | Orc:2    | Killed an orc warlord
 18304 | Orc:2    | Noticed Blork the orc
 18308 | Orc:2    | Killed Blork the orc
 18309 | Orc:2    | Reached skill level 10 in Evocations
 18309 | Orc:2    | Reached XP level 16. HP: 114/114 MP: 29/29
 18343 | Orc:2    | Found Retsoeke's Book Boutique.
 18348 | Orc:2    | Bought a book of Changes for 288 gold pieces
 18359 | Orc:2    | Learned a level 2 spell: Wereblood
 18365 | Orc:2    | Reached skill level 1 in Transmutations
 18459 | Orc:2    | Found Tiuk Uch's Antique Weapon Boutique.
 18475 | Orc:2    | Found Mekuuth's Antique Armour Boutique.
 18480 | Orc:2    | Bought a runed scarf for 184 gold pieces
 18590 | Orc:2    | Found Qudeilil's General Store.
 19537 | Swamp:1  | Entered Level 1 of the Swamp
 19549 | Swamp:1  | Noticed Frances
 19562 | Swamp:1  | Killed Frances
 19612 | Swamp:1  | Identified the +1 scale mail of Alujub {rPois rCorr}
 19629 | Swamp:1  | Noticed a thorn hunter
 19632 | Swamp:1  | Killed a thorn hunter
 19885 | Swamp:1  | Reached skill level 5 in Transmutations
 20056 | Swamp:1  | Noticed Nikola
 20067 | Swamp:1  | Killed Nikola
 20249 | Swamp:1  | Lost mutation: You have a pair of large horns on your head.
                  | [Jiyva's grace]
 20249 | Swamp:1  | Lost mutation: Your flesh is heat resistant. (rF+) [Jiyva's
                  | grace]
 20249 | Swamp:1  | Lost mutation: You are robust. (+10% HP) [Jiyva's grace]
 20249 | Swamp:1  | Lost mutation: Armour fits poorly on your large pseudopods.
                  | [Jiyva's grace]
 20249 | Swamp:1  | Lost mutation: You have a small jelly attached to you that
                  | may absorb projectiles. [Jiyva's grace]
 20249 | Swamp:1  | Gained mutation: You are covered in slimy tendrils that may
                  | disarm your opponents. [Jiyva's grace]
 20249 | Swamp:1  | Gained mutation: Your spells are harder to cast, but more
                  | powerful. [Jiyva's grace]
 20249 | Swamp:1  | Gained mutation: Your spells are much harder to cast, but
                  | much more powerful. [Jiyva's grace]
 20249 | Swamp:1  | Gained mutation: You have a small jelly attached to you
                  | that may absorb projectiles. [Jiyva's grace]
 20447 | Swamp:1  | Identified Roxanne's Verses on Transmutation
 20447 | Swamp:1  | Noticed Roxanne
 20457 | Swamp:1  | Killed Roxanne
 21069 | Swamp:2  | Noticed mandoloar's ghost (adept MiFi)
 21079 | Swamp:2  | Found a transporter.
 21091 | Swamp:2  | Found a transporter.
 21277 | Swamp:2  | You fall into a shaft and drop 1 floor!
 21394 | Swamp:3  | Noticed a fenstrider witch
 21395 | Swamp:3  | Paralysed by a fenstrider witch for 5 turns
 21413 | Swamp:3  | Paralysed by a fenstrider witch for 3 turns
 21415 | Swamp:3  | Slain by a fenstrider witch

Illustrated notes

Levels and vault maps discovered:
D:1:      amcnicky_arrival_single_pillar, layout_rooms, serial_shops,
          shop_statue
D:2:      layout_basic, uniq_robin, uniq_terence, uniq_crazy_yiuf_cottage
D:3:      layout_loops_ring, lemuel_round_altar, hellmonk_ghost_happy_afterlife,
          st_stairs_1, mrwooster_statue_mirror, uniq_grinder
D:4:      layout_rooms, cheibrodos_sewer_entry_sluice, serial_shops,
          nicolae_shop_bloodbath_and_beyond, corexii_corridor_pit
D:5:      layout_rooms, mainiacjoe_overflow_catwalk
D:6:      layout_cave_pools, nicolae_ashenzari_panopticon,
          minmay_temple_entry_offerings, serial_park, serial_park_square1
          [serial_park_minivault_5x5_3], serial_park_tiny_2, serial_park_gazebo
          [serial_park_minivault_5x5_3], serial_park_avenue1,
          serial_park_square3 [serial_park_minivault_5x5_5]
D:7:      minmay_slanted_spiral_squares, layout_loops_corners,
          nemelex_xobeh_ov_fountains_minmay
D:8:      layout_loops_ring, nicolae_tso_carved_into_rock
D:9:      minmay_the_grid_triangle_9x9_recursive_2_mashed
          [minmay_the_grid_triangle_9x9_prize_schism,
          minmay_the_grid_triangle_9x9_subtriangle,
          minmay_the_grid_triangle_9x9_swiss_cheese,
          minmay_the_grid_triangle_9x9_limited_checkers], layout_gridville,
          serial_shops, shop, patterned_corridor
D:10:     layout_rooms, nzn_hepliaklqana_mist_gate, uniq_grum, uniq_maurice
D:11:     layout_rooms, david_lair_shrubbed, enter_trove_1
D:12:     layout_long_grid, zombieorc2_lemuel
Lair:1:   layout_cave_pods, nzn_ghost_randoct, beast_lair_carwin_11
Lair:2:   layout_regular_city, chequers_serial_rivers_small_b
Lair:3:   layout_gridlike, skrybe_swamp_entry_bodies,
          nicolae_snake_entry_squirm, hangedman_lair_unloving_vines,
          chequers_serial_rivers_small_3, lemuel_fruit_tree
Lair:4:   layout_roguey, nicolae_slime_entry_field_trip,
          portal_ice_cave_entry_ice_simulacra
Lair:5:   cheibrodos_lair_end_hotspot, layout_regular_city
Swamp:1:  layout_basic_swamp, evilmike_swamp_ruin_wall, uniq_frances,
          uniq_nikola, uniq_roxanne
Swamp:2:  gammafunk_worm_tunnel, layout_falls_marsh,
          gammafunk_ghost_wrathful_warriors, hangedman_swamp_ruin_wall,
          infiniplex_staircase_pool_2
Swamp:3:  layout_basic_swamp, evilmike_swamp_ruin_house_1
Orc:1:    layout_diamond_mine, uniq_nergalle, uniq_jorgrun
Orc:2:    grunt_orc_cross, layout_diamond_mine, serial_shops, shop

Skill      XL: |  1  2  3  4  5  6  7  8  9 10 11 12 13 14 15 16 |
---------------+-------------------------------------------------+-----
Stealth        | 2 3 9 |  9.0
Fighting       | 3 4 5 6 8 13 | 13.5
Ranged Weapons | 6 8 12 16 19 | 19.0
Dodging        | 4 5 8 10 12 13 | 13.0
Evocations     | 4 7 9 10 | 10.3
Armour         | 3 5 8 |  8.0
Spellcasting   | 9 |  9.0
Transmutations | 9 |  9.0

Action                   |  1- 3 |  4- 6 |  7- 9 | 10-12 | 13-15 | 16-18 || total
-------------------------+-------+-------+-------+-------+-------+-------++-------
Melee: Shortbow          |       |       |       |     2 |       |       ||     2
 Fire: Shortbow          |    58 |   189 |   364 |   388 |   730 |   296 ||  2025
Throw: Throwing net      |       |     3 |       |       |       |       ||     3
 Cast: Wereblood         |       |       |       |       |       |     3 ||     3
Invok: Slimify           |       |       |       |     2 |       |       ||     2
       Oozemancy         |       |       |       |     1 |     1 |       ||     2
Evoke: Wand              |       |     6 |     5 |       |       |       ||    11
  Use: Scroll            |     4 |     3 |    10 |     8 |     7 |     2 ||    34
       Potion            |       |     1 |     5 |     3 |     4 |     1 ||    14
Armor: Leather armour    |     4 |    15 |    29 |    19 |       |       ||    67
       Troll leather arm |       |       |       |     2 |    48 |     6 ||    56
Dodge: Dodged            |    35 |    58 |   217 |   233 |   551 |   281 ||  1375

Table legend: (Time is in decaauts)
 A = Elapsed time spent in this place.
 B = Non-inter-level travel time spent in this place.
 C = Inter-level travel time spent in this place.
 D = Time resting spent in this place.
 E = Time spent auto-exploring this place.
 F = Levels seen in this place.
 G = Mean time per level.
                   A        B        C        D        E       F      G
               +--------+--------+--------+--------+--------+-----+--------+
         Total |  21731 |  20600 |   1131 |   3203 |  13768 |  24 |  905.5 |
       Dungeon |  11966 |  11394 |    572 |   2207 |   7394 |  12 |  997.2 |
          Lair |   5674 |   5296 |    378 |    482 |   4020 |   5 | 1134.8 |
         Swamp |   1749 |   1740 |      9 |    514 |    897 |   3 |  583.0 |
  Orcish Mines |   1342 |   1172 |    170 |      0 |    835 |   2 |  671.0 |
         Sewer |    262 |    262 |      0 |      0 |    172 |   1 |  262.0 |
      Ice Cave |    735 |    735 |      0 |      0 |    448 |   1 |  735.0 |
               +--------+--------+--------+--------+--------+-----+--------+

Top non-repeatable levels by time:
     D:9: 1545 daAuts
     D:3: 1508 daAuts
     D:2: 1495 daAuts
  Lair:5: 1443 daAuts
 Swamp:1: 1335 daAuts
  Lair:3: 1288 daAuts
  Lair:1: 1241 daAuts
     D:7: 1184 daAuts
  Lair:2: 1046 daAuts
     D:6: 1013 daAuts
   Orc:2: 1006 daAuts
    D:10: 921 daAuts
     D:4: 842 daAuts
    D:12: 834 daAuts
     D:8: 819 daAuts
